[Event "Early-Titled-Tuesday-Blitz-October-10-2023"]
[Site "Chess.com"]
[Date "2023.10.10"]
[Round "11"]
[White "Iball95"]
[Black "FGHSMN"]
[Result "0-1"]
[WhiteElo "2822"]
[BlackElo "2885"]
[TimeControl "180+1"]
[EndTime "10:03:28 PDT"]
[Termination "FGHSMN won by resignation"]

1. e4 c5 2. Nf3 e6 3. Nc3 a6 4. d4 cxd4 5. Nxd4 Qc7 6. Bd3 Nf6 7. O-O d6 8. a4 b6 9. f4 Be7 10. Be3 Bb7 11. Qe2 Nbd7 12. Nb3 O-O 13. Rae1 Rfe8 14.
Kh1 Bf8 15. h3 g6 16. Qf2 Bg7 17. Qh4 Nc5 18. Nxc5 bxc5 19. e5 Nd5 20. Nxd5 Bxd5 21. c4 Bc6 22. b3 Qb7 23. Rf2 Qxb3 24. Bf1 Qxa4 25. exd6 Rad8 26. f5 exf5 27. Bxc5 Qa5 28. Rxe8+ Rxe8 29. Bd4 Re4 30. Rf4 Bxd4 31. Rxe4 fxe4 32.
d7 Bxd7 33. Qxe4 Bf6 34. c5 Qxc5 35. Bxa6 Qc1+ 36. Kh2 Bc6 37. Qf4 Qxf4+ 0-1

[Event "Early-Titled-Tuesday-Blitz-October-10-2023"]
[Site "Chess.com"]
[Date "2023.10.10"]
[Round "11"]
[White "Balla_Tamas"]
[Black "kidagent"]
[Result "0-1"]
[WhiteElo "2407"]
[BlackElo "2286"]
[TimeControl "180+1"]
[EndTime "10:03:28 PDT"]
[Termination "kidagent won by resignation"]

1. e4 c6 2. d4 d5 3. exd5 cxd5 4. c4 Nf6 5. Nc3 Nc6 6. Bg5 Ne4 7. Nxe4 dxe4 8. d5 Ne5 9. Be3 e6 10. f3 Bb4+ 11.
Bd2 Bxd2+ 12. Qxd2 exf3 13. Nxf3 Nxf3+ 14. gxf3 exd5 15. O-O-O O-O 16. cxd5 Bf5 17. Bd3 Qxd5 18. Kb1 Rfd8 19. Bxf5 Qxd2 20. Rxd2 Rxd2 21. Rc1 Rxh2 22. Rc7 Rd8 23. a3 h5 24. Rxb7 g6 25. Be4 h4 26.
Rxa7 h3 27. a4 Re2 28. Rc7 Rd1+ 29. Ka2 h2 30. Bb7 h1=Q 0-1

[Event "Early-Titled-Tuesday-Blitz-October-10-2023"]
[Site "Chess.com"]
[Date "2023.10.10"]
[Round "11"]
[White "play1ngtheangel"]
[Black "Fan_Of_Chucky"]
[Result "1-0"]
[WhiteElo "2691"]
[BlackElo "2552"]
[TimeControl "180+1"]
[EndTime "10:03:30 PDT"]
[Termination "play1ngtheangel won by resignation"]

1. e4 c5 2. Nf3 e6 3. g3 d5 4. exd5 exd5 5. d4 Nf6 6. Bg2 Be7 7. dxc5 Bxc5 8. O-O O-O 9. Nc3 Nc6 10. Bg5 Be6 11. Nh4 Be7 12. Bxf6 Bxf6 13. Nxd5 Bxh4 14. gxh4 Qxh4 15.
b3 Rad8 16. c4 Ne5 17. Qe2 Ng6 18. Qe3 Bxd5 19. Bxd5 Nf4 20. Bxb7 Rd3 21. Qe4 Rh3 22. Rae1 Rxh2 23. Re3 Rg2+ 24. Qxg2 Nxg2 25. Bxg2 Qd4 26. Rc1 Qc5 27. Rec3 a5 28. Rd3 h5 29. Rd5 Qa3 30. Rc2 h4 31. Rh5 Qe7 32. Rxa5 g5 33. Rd5 Qe1+ 34. Kh2 f6 35. c5 g4 36. c6 g3+ 37.
fxg3 Qxg3+ 38. Kg1 Re8 39. Rd1 h3 40. c7 hxg2 41.
Rxg2 Re1+ 42. Rxe1 1-0

[Event "Early-Titled-Tuesday-Blitz-October-10-2023"]
[Site "Chess.com"]
[Date "2023.10.10"]
[Round "11"]
[White "MartinMatthiesen"]
[Black "DefiantChair"]
[Result "0-1"]
[WhiteElo "2505"]
[BlackElo "2632"]
[TimeControl "180+1"]
[EndTime "10:03:31 PDT"]
[Termination "DefiantChair won by resignation"]

1. d4 Nf6 2. c4 e6 3. Nf3 d5 4. g3 dxc4 5. Bg2 a6 6. O-O Nc6 7. e3 Rb8 8. Qe2 b5 9. b3 cxb3 10. axb3 Bb7 11. Rd1 Bd6 12. e4 Be7 13. Bf4 O-O 14. Nc3 Nb4 15. Ne5 Qe8 16. Na2 Nxa2 17. Rxa2 Rc8 18. Rc2 c5 19. d5 exd5 20. exd5 Bd6 21.
Qe1 Rc7 22. Ng4 Qxe1+ 23. Rxe1 Bxf4 24. Nxf6+ gxf6 25. gxf4 Rd8 26. Rec1 Bxd5 27. Rxc5 Rxc5 28. Rxc5 Bxb3 29. Bb7 Rd6 30. Rc8+ Kg7 31. Ra8 Rd1+ 32. Kg2 Ra1 33. Rxa6 Bd5+ 34. Kg3 Rg1+ 0-1

[Event "Early-Titled-Tuesday-Blitz-October-10-2023"]
[Site "Chess.com"]
[Date "2023.10.10"]
[Round "11"]
[White "cycygogne"]
[Black "Cambek64"]
[Result "0-1"]
[WhiteElo "2272"]
[BlackElo "2423"]
[TimeControl "180+1"]
[EndTime "10:03:34 PDT"]
[Termination "Cambek64 won by resignation"]

1. e4 e6 2. d4 d5 3. Nc3 Nc6 4. Nf3 Nf6 5. e5 Ne4 6. Bd3 Bb4 7. Bd2 Bxc3 8. bxc3 h6 9. Qe2 Nxd2 10. Nxd2 Qe7 11. O-O b6 12. f4 g6 13. Kh1 h5 14.
Nf3 Bb7 15. a4 Na5 16. Rab1 O-O-O 17. Ba6 c6 18. Bd3 Kb8 19. Ng5 Rc8 20. Rb4 c5 21.
dxc5 Rxc5 22. c4 Nxc4 23. Bxc4 Rxc4 24. Rxc4 dxc4 25. Qxc4 Rc8 26. Qe2 Qb4 27. Nxf7 Qxa4 28. Nd6 Rxc2 29. Qd3 Bxg2+ 30. Kg1 Bxf1 31. Qxf1 Qd4+ 32.
Kh1 Qd5+ 33. Kg1 Qc5+ 34. Kh1 Rc1 0-1

[Event "Early-Titled-Tuesday-Blitz-October-10-2023"]
[Site "Chess.com"]
[Date "2023.10.10"]
[Round "11"]
[White "mmDarko"]
[Black "tarno17"]
[Result "1/2-1/2"]
[WhiteElo "2302"]
[BlackElo "2133"]
[TimeControl "180+1"]
[EndTime "10:03:35 PDT"]
[Termination "Game drawn by agreement"]

1. d4 d5 2. Nf3 Nf6 3. e3 e6 4.
Nbd2 Be7 5. b3 O-O 6. Bb2 b6 7. Bd3 Bb7 8. O-O Nbd7 9. Rc1 c5 10. c4 Rc8 11. Qe2 cxd4 12. Nxd4 Nc5 13. Bb1 Nfe4 14. Rfd1 Bd6 15. Nxe4 Nxe4 16. Bxe4 dxe4 17. Nb5 Rc6 18.
Ba3 Bxh2+ 19. Kxh2 Qh4+ 20. Kg1 Ra8 21. Rd6 e5 22. Rxc6 Bxc6 23. Rd1 Re8 24. Nc7 Rc8 25. Nd5 Kh8 26. Ne7 1/2-1/2

[Event "Early-Titled-Tuesday-Blitz-October-10-2023"]
[Site "Chess.com"]
[Date "2023.10.10"]
[Round "11"]
[White "Zhigalko_Sergei"]
[Black "wqws"]
[Result "0-1"]
[WhiteElo "2903"]
[BlackElo "2690"]
[TimeControl "180+1"]
[EndTime "10:03:36 PDT"]
[Termination "wqws won by resignation"]

1. e4 c5 2. Nf3 d6 3. d4 cxd4 4. Qxd4 Nc6 5. Bb5 Bd7 6. Bxc6 Bxc6 7. Nc3 e6 8. Bg5 Nf6 9. O-O-O h6 10. Bh4 Be7 11. Rhe1 O-O 12. Kb1 Qa5 13. Qd2 Qc7 14.
Nd4 a6 15. f3 b5 16. Qf2 b4 17. Nce2 a5 18. g4 a4 19. Rg1 b3 20. cxb3 axb3 21. a3 Nxe4 22. fxe4 Bxe4+ 23. Ka1 Bxh4 24. Qxh4 Qc5 25.
Nb5 Qxb5 26. Nc3 Qc5 27. a4 Rxa4+ 28. Nxa4 Qb4 29. Rd4 Qxd4 0-1

[Event "Early-Titled-Tuesday-Blitz-October-10-2023"]
[Site "Chess.com"]
[Date "2023.10.10"]
[Round "11"]
[White "Bilan_Danila"]
[Black "Irishchessman16"]
[Result "1-0"]
[WhiteElo "2584"]
[BlackElo "2447"]
[TimeControl "180+1"]
[EndTime "10:03:38 PDT"]
[Termination "Bilan_Danila won by resignation"]

1. d4 Nf6 2. Nf3 d6 3. Bg5 Nbd7 4. e3 e6 5. Nbd2 Be7 6. Bd3 O-O 7. O-O h6 8. Bh4 b6 9. c3 Bb7 10. e4 e5 11.
dxe5 Nxe5 12. Nxe5 dxe5 13. Qc2 Nh5 14. Bxe7 Qxe7 15.
g3 Rad8 16. Bc4 Qg5 17. Rad1 Nf4 18. Nf3 Qh5 19. Be2 Nxe2+ 20. Qxe2 f5 21. Qc4+ Kh8 22. Rxd8 Rxd8 23. Nxe5 Bxe4 24. f3 Rd2 25. h4 f4 26.
Qxe4 fxg3 27. Ng6+ Kh7 28. Nf4+ 1-0

[Event "Early-Titled-Tuesday-Blitz-October-10-2023"]
[Site "Chess.com"]
[Date "2023.10.10"]
[Round "11"]
[White "Rodalquilar"]
[Black "Let_it_be_1"]
[Result "1-0"]
[WhiteElo "2747"]
[BlackElo "2563"]
[TimeControl "180+1"]
[EndTime "10:03:39 PDT"]
[Termination "Rodalquilar won by resignation"]

1. d4 d5 2. Nf3 e6 3. Bf4 Bd6 4. e3 Bxf4 5. exf4 Ne7 6. Bd3 b6 7. c3 h6 8. O-O O-O 9. Qe2 a5 10. a4 Ba6 11. Bb5 c6 12. Bxa6 Nxa6 13. Ne5 c5 14.
Na3 cxd4 15. cxd4 Nb4 16. Rfc1 Rc8 17. Nb5 Nec6 18. Rc3 Qf6 19. Nd7 Qxf4 20. Nxf8 Rxf8 21. Qe3 Qf6 22. Rac1 Ne7 23. Qd2 Nf5 24. Rc8 Rxc8 25. Rxc8+ Kh7 26. g3 Qg6 27. Rc7 Nh4 28. Qf4 Qb1+ 29. Rc1 Nf3+ 30. Kg2 Qe4 31. Qxf3 1-0

[Event "Early-Titled-Tuesday-Blitz-October-10-2023"]
[Site "Chess.com"]
[Date "2023.10.10"]
[Round "11"]
[White "lamomiajunior"]
[Black "karwowskikacper"]
[Result "1-0"]
[WhiteElo "2699"]
[BlackElo "2551"]
[TimeControl "180+1"]
[EndTime "10:03:39 PDT"]
[Termination "lamomiajunior won by resignation"]

1. d4 d5 2. c4 e6 3. Nc3 a6 4. cxd5 exd5 5. Nf3 c6 6. Bf4 Bd6 7.
Bxd6 Qxd6 8. e3 Ne7 9. h3 Bf5 10. Bd3 Nd7 11. O-O O-O 12. Rb1 Bxd3 13. Qxd3 Qg6 14.
Qd2 Nf5 15. b4 Nd6 16. a4 b5 17. a5 Nc4 18. Qa2 Rae8 19. Ne2 f5 20. Nf4 Qf6 21. Nd3 g5 22. Nfe5 Ndxe5 23. dxe5 Nxe5 24. Nc5 Ra8 25. Rbd1 Rf7 26. Rd4 Nc4 27. Rfd1 f4 28.
e4 f3 29. exd5 fxg2 30. d6 Rd8 31. d7 Ne3 32. R1d3 Nc4 33. Qe2 Ne5 34. Re4 Nf3+ 35. Rxf3 Qxf3 36. Re8+ 1-0

[Event "Early-Titled-Tuesday-Blitz-October-10-2023"]
[Site "Chess.com"]
[Date "2023.10.10"]
[Round "11"]
[White "Alphafischer2019"]
[Black "sokidze"]
[Result "0-1"]
[WhiteElo "2585"]
[BlackElo "2789"]
[TimeControl "180+1"]
[EndTime "10:03:47 PDT"]
[Termination "sokidze won by resignation"]

1. e4 c6 2. d4 d5 3. Nc3 dxe4 4. Nxe4 Bf5 5. Ng3 Bg6 6. Nf3 e6 7. Ne5 Nd7 8. Nxg6 hxg6 9. Bd3 Ngf6 10. O-O Bd6 11.
Re1 Qc7 12. c4 O-O-O 13. Qf3 Rh4 14. Be3 e5 15. d5 e4 16. Nxe4 Nxe4 17. Bxe4 Ne5 18.
Qd1 Rxe4 19. c5 Rxe3 20. Rxe3 Bxc5 21. Rc3 Rxd5 22. Qe2 Qd7 23. Rc2 Nd3 24. Kf1 Nxf2 25. Rxc5 Rxc5 26. Kxf2 Qd4+ 27. Kg3 Rg5+ 28. Kh3 Rh5+ 29.
Kg3 Qh4+ 30. Kf3 Rf5+ 31. Ke3 Re5+ 32. Kd3 Qd8+ 33. Kc4 Qd5+ 34. Kc3 Rxe2 35. Rg1 0-1

[Event "Early-Titled-Tuesday-Blitz-October-10-2023"]
[Site "Chess.com"]
[Date "2023.10.10"]
[Round "11"]
[White "santosalberto1987"]
[Black "ajedrezhoy"]
[Result "1/2-1/2"]
[WhiteElo "2454"]
[BlackElo "2367"]
[TimeControl "180+1"]
[EndTime "10:03:55 PDT"]
[Termination "Game drawn by repetition"]

1. e4 Nf6 2. e5 Nd5 3. d4 d6 4.
Bc4 Nb6 5. Bb3 dxe5 6. Qf3 e6 7.
dxe5 Nc6 8. Qg3 Nd4 9. Nf3 Nxf3+ 10. Qxf3 Be7 11. Qg3 g6 12. Bh6 Bf8 13. Bxf8 Kxf8 14. O-O Nd7 15. Nc3 Kg7 16. Ne4 b6 17. Rad1 Qe7 18.
Qf4 Bb7 19. Rd4 Bxe4 20. Qxe4 Nc5 21. Qc6 Rad8 22. Rfd1 Rxd4 23. Rxd4 Rd8 24. c3 Rxd4 25. cxd4 Nxb3 26. axb3 Qb4 27. Qc3 Qxc3 28. bxc3 a5 29. c4 c6 30. Kf1 b5 31. Ke2 g5 32. h3 h5 33. g4 hxg4 34. hxg4 f6 35. Kd3 Kf7 36. Kc3 Ke7 37. c5 fxe5 38. dxe5 Kf7 39. Kd4 Kg7 40. Kc3 Kg6 41. Kd4 Kf7 42. Kc3 Kg6 43.
Kd4 Kf7 44. Kc3 Kg6 1/2-1/2

[Event "Early-Titled-Tuesday-Blitz-October-10-2023"]
[Site "Chess.com"]
[Date "2023.10.10"]
[Round "11"]
[White "hawes33"]
[Black "campochess"]
[Result "0-1"]
[WhiteElo "2261"]
[BlackElo "2149"]
[TimeControl "180+1"]
[EndTime "10:03:57 PDT"]
[Termination "campochess won on time"]

1. e4 c5 2. Nc3 Nc6 3. g3 g6 4. Bg2 Bg7 5. d3 Nf6 6. Be3 d6 7. h3 O-O 8. Qd2 Re8 9. Bh6 Bh8 10. Nge2 Rb8 11. O-O b5 12. f4 b4 13. Nd1 Nd7 14. c3 a5 15. g4 e5 16. f5 Nf8 17. Ne3 f6 18. Bxf8 Rxf8 19. Ng3 Bd7 20. Nd5 Ne7 21. fxg6 Nxg6 22. Nh5 Be6 23. c4 Bxd5 24. exd5 a4 25. Be4 Rb7 26. Qf2 Rbf7 27. Ng3 Nf4 28. Kh2 Bg7 29. Qe3 Bh6 30. Nf5 Bg7 31. Nxg7 Rxg7 32. Rxf4 exf4 33. Qxf4 Qe7 34. Rf1 Qe5 35. Kg3 Qxb2 36.
Qxd6 Qe5+ 37. Qxe5 fxe5 38. Re1 Rgf7 0-1

[Event "Early-Titled-Tuesday-Blitz-October-10-2023"]
[Site "Chess.com"]
[Date "2023.10.10"]
[Round "11"]
[White "a-z30"]
[Black "esrosenberg"]
[Result "1-0"]
[WhiteElo "2474"]
[BlackElo "2373"]
[TimeControl "180+1"]
[EndTime "10:03:59 PDT"]
[Termination "a-z30 won by checkmate"]

1. c4 e6 2. d4 d5 3. Nc3 c5 4.
cxd5 cxd4 5. Qa4+ Bd7 6. Qxd4 exd5 7. Nf3 Nf6 8. Bg5 Nc6 9. Qd1 Bb4 10. e3 Qa5 11. Bxf6 gxf6 12. Qd2 Rc8 13. Be2 Ne5 14. O-O Rg8 15. Rfc1 Bc6 16. Nd4 Nc4 17. Bxc4 dxc4 18. Nxc6 Rxc6 19. Rd1 Rg6 20. Qd7+ Kf8 21. Qxb7 f5 22. Rd7 Rcf6 23. Nd5 c3 24. bxc3 Bxc3 25.
Rc1 Qxa2 26. Qc8+ Kg7 27. Qxc3 f4 28. Nxf6 fxe3 29. Ne4+ Kh6 30. Qxe3+ Kh5 31. Qh3# 1-0

[Event "Early-Titled-Tuesday-Blitz-October-10-2023"]
[Site "Chess.com"]
[Date "2023.10.10"]
[Round "11"]
[White "Happy1712Drummer"]
[Black "Casper"]
[Result "1-0"]
[WhiteElo "2372"]
[BlackElo "2425"]
[TimeControl "180+1"]
[EndTime "10:03:59 PDT"]
[Termination "Happy1712Drummer won on time"]

1. e4 c5 2. Nf3 d6 3. Bb5+ Nd7 4. O-O g5 5. h3 h5 6. Nxg5 e5 7. d3 Bh6 8. Nf3 a6 9. Bc4 Nb6 10. Bb3 Qf6 11. Nc3 Bxc1 12. Qxc1 Bxh3 13. Qg5 Be6 14. a4 Bxb3 15. cxb3 O-O-O 16. a5 Nd7 17. Nd5 Qxg5 18. Nxg5 Rf8 19. b4 Rh6 20. f4 Rg6 21. Nh3 cxb4 22. Rac1+ Nc5 23. fxe5 Kd7 24. d4 Nb3 25. Rc7+ Kd8 26.
Rxb7 Re8 27. Rfxf7 1-0

[Event "Early-Titled-Tuesday-Blitz-October-10-2023"]
[Site "Chess.com"]
[Date "2023.10.10"]
[Round "11"]
[White "SirStrateg"]
[Black "scarabee43"]
[Result "0-1"]
[WhiteElo "2584"]
[BlackElo "2778"]
[TimeControl "180+1"]
[EndTime "10:04:01 PDT"]
[Termination "scarabee43 won by resignation"]

1. d4 Nf6 2. Bf4 d6 3. e3 b6 4.
Qf3 c6 5. Bd3 Bb7 6. Nd2 Nbd7 7.
Qe2 e5 8. dxe5 dxe5 9. Bg3 Bd6 10. Ngf3 Qe7 11. e4 Nh5 12. a4 a5 13. Bc4 O-O 14.
Nh4 Nf4 15. Bxf4 Qxh4 16. Bg3 Qe7 17. O-O Nc5 18. Rfd1 Rad8 19. Qh5 Qc7 20. h3 Bc8 21. Qe2 Ne6 22. Nf3 Kh8 23. c3 f6 24. Qc2 Nf4 25. Nh4 Bc5 26. Kf1 g6 27. Nf3 g5 28. Bxf4 gxf4 29.
Qb3 Rxd1+ 30. Rxd1 Rd8 31. Rxd8+ Qxd8 32. Ke2 Qe8 33.
Bf7 Ba6+ 34. Ke1 Qe7 35. Nh4 Bxf2+ 36. Kxf2 Qc5+ 37. Kf3 Qe3+ 38. Kg4 Bc8+ 39. Be6 Qg3+ 0-1

[Event "Early-Titled-Tuesday-Blitz-October-10-2023"]
[Site "Chess.com"]
[Date "2023.10.10"]
[Round "11"]
[White "Willi_Skibbe"]
[Black "Politov_Pavel"]
[Result "1-0"]
[WhiteElo "2202"]
[BlackElo "2061"]
[TimeControl "180+1"]
[EndTime "10:04:02 PDT"]
[Termination "Willi_Skibbe won on time"]

1. e4 c5 2. Nf3 d6 3. Bc4 Nf6 4. d3 e6 5. c3 d5 6. exd5 exd5 7. Bb3 Be7 8. O-O O-O 9. d4 c4 10. Bc2 Nc6 11. h3 b5 12. Bf4 Bd6 13. Ne5 Qc7 14. Re1 Be6 15. Nd2 b4 16. Ndf3 bxc3 17. bxc3 Rfe8 18.
Ba4 Bd7 19. Nxd7 Bxf4 20. Nde5 Bxe5 21. Nxe5 Rxe5 22. dxe5 Nxe5 23. Bc2 Re8 24. Qd4 Ne4 25. Bxe4 dxe4 26. Rxe4 f6 27. f4 Rd8 28. Qe3 Nd3 29. Re8+ Kf7 30. Qe6+ Kg6 31. f5+ Kg5 32. Qe3+ Kxf5 33.
Rf1+ Kg6 34. Qe4+ Kh6 35. Rxd8 Qxd8 36. Qxc4 Ne5 37. Qd4 1-0

[Event "Early-Titled-Tuesday-Blitz-October-10-2023"]
[Site "Chess.com"]
[Date "2023.10.10"]
[Round "11"]
[White "vedantgoswami"]
[Black "C_K_G"]
[Result "0-1"]
[WhiteElo "2368"]
[BlackElo "1981"]
[TimeControl "180+1"]
[EndTime "10:04:05 PDT"]
[Termination "C_K_G won by checkmate"]

1. c3 d5 2. d4 e6 3. Bf4 Nf6 4. Nf3 Bd6 5. e3 c5 6. Nbd2 Nc6 7. Bb5 O-O 8. O-O c4 9. Bxc6 bxc6 10. Ne5 Qc7 11. b3 cxb3 12. axb3 c5 13. Nd3 Bxf4 14.
Nxf4 e5 15. Nd3 cxd4 16. cxd4 exd4 17. exd4 Qb6 18. Nc5 a5 19. Re1 Bf5 20. Re5 Bg6 21.
h4 h6 22. h5 Bh7 23. g4 Rfe8 24. f4 Qb4 25. Ra4 Qc3 26. Nf1 Ne4 27. Qd3 Qe1 28. Qe3 Qh4 29. Nxe4 Bxe4 30. Qg3 Qh1+ 31. Kf2 Rec8 32.
Ra2 Rc1 33. Qg1 Qf3# 0-1

[Event "Early-Titled-Tuesday-Blitz-October-10-2023"]
[Site "Chess.com"]
[Date "2023.10.10"]
[Round "11"]
[White "gueraumasague"]
[Black "Zavgorodniy_Sergiy"]
[Result "0-1"]
[WhiteElo "2514"]
[BlackElo "2643"]
[TimeControl "180+1"]
[EndTime "10:04:09 PDT"]
[Termination "Zavgorodniy_Sergiy won on time"]

1. e4 e5 2. Nc3 d6 3. f4 Nf6 4. Nf3 Be7 5. fxe5 dxe5 6. Nxe5 O-O 7. Nf3 Nc6 8. Bb5 Bc5 9. Bxc6 bxc6 10. d3 Ng4 11.
Qe2 Rb8 12. h3 Nf6 13. Na4 Qe7 14. Bg5 Bb4+ 15. c3 Bd6 16. O-O h6 17. Bh4 Re8 18. Rae1 g5 19. Nxg5 hxg5 20. Bxg5 Qe5 21. Bf4 Qe6 22.
e5 Bf8 23. Rf3 Nh7 24. Rg3+ Kh8 25. Qe4 Qf5 26. Qxc6 Bd7 27. Qa6 Qxf4 28. Rf3 Qd2 29. Ref1 Be6 30. d4 Be7 31. Rxf7 Rg8 32. R7f2 Qh6 33. Kh2 Ng5 34. Rf6 Bxf6 35. Rxf6 Nf3+ 36. gxf3 Qd2+ 0-1

[Event "Early-Titled-Tuesday-Blitz-October-10-2023"]
[Site "Chess.com"]
[Date "2023.10.10"]
[Round "11"]
[White "Eloist"]
[Black "borocotoajua"]
[Result "0-1"]
[WhiteElo "2440"]
[BlackElo "2567"]
[TimeControl "180+1"]
[EndTime "10:04:10 PDT"]
[Termination "borocotoajua won on time"]

1. e4 c6 2. Nf3 d5 3. Nc3 Bg4 4. d4 dxe4 5. Nxe4 Nd7 6. Ng3 Ngf6 7. h3 Bxf3 8. Qxf3 e6 9. Bd3 Bd6 10. O-O Qc7 11. Re1 O-O-O 12. Bd2 Kb8 13. b4 Rhg8 14. c4 g5 15. c5 Bxg3 16. fxg3 g4 17. hxg4 Nxg4 18. b5 cxb5 19. Rab1 a6 20. a4 Nxc5 21. Bxh7 Rg7 22. Bf4 e5 23. dxe5 Ne6 24. Be4 b4 0-1

[Event "Early-Titled-Tuesday-Blitz-October-10-2023"]
[Site "Chess.com"]
[Date "2023.10.10"]
[Round "11"]
[White "Lady_Nika"]
[Black "Itk04"]
[Result "0-1"]
[WhiteElo "2561"]
[BlackElo "2744"]
[TimeControl "180+1"]
[EndTime "10:04:15 PDT"]
[Termination "Itk04 won by resignation"]

1. e4 e6 2. d4 d5 3. exd5 exd5 4. Nf3 Nc6 5. c3 Bd6 6. Bd3 Nge7 7. O-O Bg4 8. Nbd2 Qd7 9. Qc2 f6 10. b4 O-O 11.
Bxh7+ Kf7 12. c4 g6 13. b5 Nd8 14. Nh4 Bf5 15. Nxf5 Qxf5 16. Qxf5 Nxf5 17. Nf3 Rh8 18. g4 Ng7 19. c5 Be7 20. Bxg6+ Kxg6 21. Re1 Nde6 22. h4 Kf7 23. h5 Rag8 24. Kf1 Ne8 25. Nh2 Nxd4 26. Rd1 Bxc5 27. Be3 Ne6 28. Bxc5 Nxc5 29.
Rxd5 b6 30. Re1 Nd6 31. f4 f5 32. Nf3 fxg4 33. Ng5+ Kf6 34. Rxc5 bxc5 35. Re6+ Kf5 36. Re5+ Kxf4 37. Rxc5 Rxg5 0-1

[Event "Early-Titled-Tuesday-Blitz-October-10-2023"]
[Site "Chess.com"]
[Date "2023.10.10"]
[Round "11"]
[White "MMAHDI2013"]
[Black "Journey_to_GrandMaster_YT"]
[Result "0-1"]
[WhiteElo "2480"]
[BlackElo "2627"]
[TimeControl "180+1"]
[EndTime "10:04:16 PDT"]
[Termination "Journey_to_GrandMaster_YT won by checkmate"]

1. c4 d6 2. d4 e5 3. dxe5 dxe5 4. Qxd8+ Kxd8 5. Nc3 Be6 6. b3 Nd7 7. Bb2 c6 8. O-O-O Kc7 9. Nf3 f6 10. h3 a5 11. e3 Bb4 12. g4 Ne7 13. Bd3 h5 14. Rhg1 hxg4 15. hxg4 Rh3 16. Be2 Ng6 17. Ne4 a4 18. a3 Be7 19. b4 Nb6 20. g5 Bxc4 21.
Bxc4 Nxc4 22. gxf6 gxf6 23. Rxg6 Rxf3 24. Rg7 Re8 25.
Nc5 Kc8 26. Ne6 Bd6 27. Nc5 Bxc5 28. bxc5 Rxf2 29. Rdd7 Rxb2 30. Rc7+ Kb8 31. Rcd7 Rh8 32. Rc7 Rh1+ 33. Rg1 Rxg1# 0-1

[Event "Early-Titled-Tuesday-Blitz-October-10-2023"]
[Site "Chess.com"]
[Date "2023.10.10"]
[Round "11"]
[White "Zurability"]
[Black "ContrVersia"]
[Result "0-1"]
[WhiteElo "2720"]
[BlackElo "2890"]
[TimeControl "180+1"]
[EndTime "10:04:18 PDT"]
[Termination "ContrVersia won by resignation"]

1. Nf3 d5 2. g3 Nd7 3. d4 Nb6 4. Bg2 Nf6 5. O-O Bf5 6. Nh4 Bg4 7. Nc3 c6 8. Qd3 g6 9. e4 dxe4 10. Nxe4 Nxe4 11. Qxe4 Be6 12. c3 Bd5 13. Qe5 f6 14.
Qe3 Bg7 15. Re1 Qd7 16. Qe2 O-O 17. Bxd5+ cxd5 18. Nf3 e5 19. dxe5 fxe5 20. Be3 Nc4 21. Rad1 Qc6 22. Bc1 Rf5 23. Nh4 Rf7 24. Qd3 Rd8 25.
Ng2 Rdd7 26. f3 e4 27. fxe4 Ne5 28. exd5 Qb6+ 29. Qe3 Nf3+ 30. Kh1 Nxe1 31. Rxe1 Rxd5 32. Nf4 Re5 33. Qxb6 Rxe1+ 34. Qg1 Rxg1+ 35. Kxg1 Rd7 36. Kf2 Rd1 37. Be3 Ra1 38. a3 Ra2 39. Nd3 Bxc3 40. Bc1 Bg7 41. Ke2 Kf7 42. Kd1 Ra1 43. Kc2 b6 44.
Nb4 Ke6 45. Nc6 a5 46. Na7 Kd5 47.
Nc8 Bd4 48. Ne7+ Ke4 49. Nc6 Bc5 50. Na7 Kf3 51. Nb5 Kg2 0-1

[Event "Early-Titled-Tuesday-Blitz-October-10-2023"]
[Site "Chess.com"]
[Date "2023.10.10"]
[Round "11"]
[White "kleopl"]
[Black "secrethawk1"]
[Result "0-1"]
[WhiteElo "2455"]
[BlackElo "2321"]
[TimeControl "180+1"]
[EndTime "10:04:20 PDT"]
[Termination "secrethawk1 won by resignation"]

1. e4 c6 2. Nc3 d5 3. Qe2 dxe4 4. Nxe4 Nf6 5. g3 Nxe4 6. Qxe4 Be6 7. c4 Nd7 8. d4 Nf6 9. Qe3 Bf5 10. Bg2 e6 11. Ne2 Bb4+ 12. Nc3 O-O 13. O-O a5 14. a3 Bxc3 15. Qxc3 Be4 16. f3 Bg6 17. Bg5 h6 18. Be3 b5 19. b3 a4 20. Rfd1 axb3 21.
Qxb3 bxc4 22. Qxc4 Nd5 23. Bf2 Qd6 24. f4 Rfb8 25.
Qc5 Qd7 26. Rdc1 Ra6 27. a4 h5 28. a5 Rb5 29. Qa3 Qa7 30. Bf1 Raxa5 31. Qd6 Rxa1 32.
Rxc6 Rb8 33. Ra6 Rxa6 34. Bxa6 Ra8 35. Bf1 Qa1 36. Qc6 Bd3 0-1

[Event "Early-Titled-Tuesday-Blitz-October-10-2023"]
[Site "Chess.com"]
[Date "2023.10.10"]
[Round "11"]
[White "Oleksandr_Bortnyk"]
[Black "ozates"]
[Result "1-0"]
[WhiteElo "3049"]
[BlackElo "2776"]
[TimeControl "180+1"]
[EndTime "10:04:25 PDT"]
[Termination "Oleksandr_Bortnyk won by resignation"]

1. d4 Nf6 2. Nc3 d5 3. Bf4 c5 4. e4 dxe4 5. dxc5 Qa5 6. Qd2 Nc6 7. O-O-O e5 8. Nb5 Bxc5 9. Qxa5 Nxa5 10. Nc7+ Ke7 11.
Bd2 Bg4 12. f3 Rac8 13. Bxa5 b6 14. fxg4 Rxc7 15. Bd2 Nxg4 16. Nh3 e3 17. Bc3 f6 18. Be2 h5 19. a3 a5 20. Kb1 Bxa3 21. Bxe5 Nxe5 22.
bxa3 Rhc8 23. Ba6 Rb8 24. Nf4 Rc5 25. Be2 h4 26. Nd5+ Kf7 27. Nxe3 b5 28. Kb2 b4 29. a4 Rbc8 30. Rd2 Rc3 31. Nd5 Ra3 32. Rf1 Rc5 33. Nb6 h3 34. gxh3 Rxh3 35. Nd7 Nxd7 36. Rxd7+ Ke8 37.
Rxg7 Rxh2 38. Bd3 Kf8 39. Rg6 Rc3 40. Rgxf6+ Ke7 41. Rf7+ Ke6 42. R1f6+ Ke5 43. Rf2 Rh3 44. R7f5+ Ke6 45. Rxa5 Ra3 46. Bf5+ 1-0

[Event "Early-Titled-Tuesday-Blitz-October-10-2023"]
[Site "Chess.com"]
[Date "2023.10.10"]
[Round "11"]
[White "motivated_bishop"]
[Black "Virgo15"]
[Result "0-1"]
[WhiteElo "2509"]
[BlackElo "2735"]
[TimeControl "180+1"]
[EndTime "10:04:27 PDT"]
[Termination "Virgo15 won by checkmate"]

1. d4 e6 2. c4 d5 3. Nc3 a6 4. cxd5 exd5 5. Nf3 Nf6 6. Bg5 Be6 7. e3 Nbd7 8. Bd3 Bd6 9. O-O c6 10. Qc2 Qc7 11. Rab1 O-O 12. b4 Bg4 13. h3 Bh5 14. Nh4 Bg6 15. Nf5 Bxf5 16. Bxf5 h6 17. Bxf6 Nxf6 18.
a4 g6 19. Bd3 b5 20. Rfc1 Qe7 21. Ne2 Rfc8 22. Qb3 Rab8 23. Rc2 Rc7 24. Nc1 Kg7 25. Bf1 Ne4 26. Nd3 Qh4 27. Nc5 Bxc5 28. bxc5 Re8 29. Ra1 Re6 30. axb5 axb5 31. Ra8 Rf6 32. Qa2 g5 33. Qa5 Rxf2 34. Qxc7 Rxc2 35. Qe5+ Nf6 36. Qf5 Qe4 37. Bd3 Qxg2# 0-1

[Event "Early-Titled-Tuesday-Blitz-October-10-2023"]
[Site "Chess.com"]
[Date "2023.10.10"]
[Round "11"]
[White "Herzog2012"]
[Black "ChessFighter_2011"]
[Result "1-0"]
[WhiteElo "2549"]
[BlackElo "2839"]
[TimeControl "180+1"]
[EndTime "10:04:27 PDT"]
[Termination "Herzog2012 won by checkmate"]

1. e4 c5 2. Nf3 d6 3. d4 cxd4 4. Nxd4 Nf6 5. Nc3 a6 6. Bg5 e6 7. f4 Nbd7 8. Qf3 Be7 9. O-O-O Qc7 10. g4 h6 11. Bxf6 Nxf6 12. h4 h5 13. g5 Ng4 14.
Bh3 b5 15. Bxg4 hxg4 16. Qxg4 b4 17. Nce2 e5 18. Nf5 g6 19. h5 gxf5 20. exf5 Bb7 21.
Rh2 Rc8 22. Ng3 Qc4 23. f6 Bf8 24. g6 fxg6 25. Kb1 Rh6 26. b3 Qf7 27. fxe5 dxe5 28. Re2 Rc5 29. Red2 Qc7 30. Rd7 Bc8 31. f7# 1-0